 Dungeon Crawl Stone Soup version 0.29-a0-819-g94b489e0ae (console) character file.

Game seed: 3920218205886595653

667 om the Cutter (level 7, 0/36 HPs)
             Began as a Vampire Enchanter on July 6, 2022.
             Slain by a gnoll
             ... wielding a +0 club
             ... led by a gnoll sergeant
              (4 damage)
             ... on level 5 of the Dungeon.
             The game lasted 00:09:08 (4394 turns).

om the Cutter (Vampire Enchanter)                   Turns: 4394, Time: 00:09:09

Health: 0/36       AC:  4    Str:  7    XL:     7   Next: 31%
Magic:  9/11       EV:  7    Int: 17    God:
Gold:   239        SH:  0    Dex: 17    Spells: 7/12 levels left

rFire   . . .      SeeInvis +   o - +3 short sword (flame)
rCold   + + .      Faith    .   (no shield)
rNeg    + + +      Spirit   .   b - +0 robe
rPois   ∞          Reflect  .   p - +1 helmet
rElec   .          Harm     .   (no cloak)
rCorr   .          Rampage  .   (no gloves)
Will    .....                   (no boots)
Stlth   +++++.....              (no amulet)
HPRegen 0.00/turn               (no ring)
MPRegen 0.12/turn               (no ring)

@: very slightly contaminated, held, bloodless, inhibited regen
A: bloodless, fangs 3, see invisible, vampiric 2
a: Bat Form, Revivify


You were on level 5 of the Dungeon.
You visited 2 branches of the dungeon, and saw 6 of its levels.
You also visited: Ossuary.

You collected 239 gold pieces.

Inventory:

Hand Weapons
 a - a +1 dagger
 o - a +3 short sword of flaming (weapon)
Armour
 b - a +0 robe (worn)
 p - a +1 helmet (worn)
Magical Staves
 A - a staff of air
Wands
 e - a wand of light (12)
 l - a wand of polymorph (11)
Scrolls
 g - 5 scrolls of silence
 q - 3 scrolls of vulnerability
 r - a scroll of summoning {unknown}
 s - 3 scrolls of identify
 t - 5 scrolls of noise
 u - 4 scrolls of teleportation
 v - a scroll of poison {unknown}
 y - a scroll of enchant weapon {unknown}
 z - a scroll of magic mapping
Potions
 c - a potion of invisibility
 d - 3 potions of lignification {unknown}
 f - 2 potions of brilliance
 i - 3 potions of attraction
 j - 2 potions of mutation
 k - 2 potions of might
 m - 5 potions of curing
 n - a potion of haste {unknown}
 w - a potion of berserk rage {unknown}
 x - 2 potions of resistance {unknown}


   Skills:
 * Level 7.3 Short Blades
 - Level 3.0 Dodging
 - Level 6.0 Stealth
 - Level 3.0 Spellcasting
 - Level 5.0 Hexes


You had 7 spell levels left.
You knew the following spells:

 Your Spells              Type           Power      Damage    Failure   Level
a - Ensorcelled Hibernat  Hex/Ice        22%        N/A       10%         2
b - Confusing Touch       Hex            19%        N/A       7%          3

Your spell library contained the following spells:

 Spells                   Type           Power      Damage    Failure   Level
 Tukima's Dance           Hex            19%        N/A       7%          3
 Sandblast                Erth           4%         2d4       17%         1
 Dazzling Flash           Conj/Hex       22%        N/A       19%         3
 Passwall                 Tmut/Erth      1%         N/A       26%         2
 Stone Arrow              Conj/Erth      4%         3d7       45%         3
 Swiftness                Air            2%         N/A       45%         3


Dungeon Overview and Level Annotations

Branches:
Dungeon (5/15)             Temple (1/1) D:4         Ossuary (visited)

Altars:
Cheibriados
Gozag
Hepliaklqana
Kikubaaqudgha
Makhleb
Nemelex Xobeh
Okawaru
Ru
Wu Jian
Xom
Lugonu


Innate Abilities, Weirdness & Mutations

You do not regenerate when monsters are visible.
You are frail without blood (-20% HP).
You can heal yourself when you bite living creatures.
You are immune to poison.
You have razor-sharp teeth.
You have supernaturally acute eyesight. (SInv)
You are afflicted with vampirism and can become a bat while bloodless.


Message History

You see here an adder corpse.
HP restored.
Found a hazy altar of Hepliaklqana.
A gnoll is nearby!
A gnoll comes into view. It is wielding a +0 flail.
The gnoll moves out of view.
The gnoll shouts!
You hear a shout! x3; You hear a bark!
The gnoll hits you with a +0 whip.
The gnoll throws a throwing net.
The throwing net hits you.
You become entangled in the net!
You see here a throwing net.
You struggle against the net.
Casting: Ensorcelled Hibernation (safe; 10% risk of failure)
Confirm with . or Enter, or press ? or * to list all spells.
Aiming: Ensorcelled Hibernation (safe; 10% risk of failure)
Press: ? - help, Shift-Dir - straight line, f - gnoll
Aim: a gnoll, wielding a +0 whip and quivering a throwing net (chance to affect: 53%)
You miscast Ensorcelled Hibernation.
You are very lightly contaminated with residual magic.
Nothing appears to happen.
The gnoll hits you with a +0 whip.
You struggle against the net.
The gnoll closely misses you.
You struggle against the net.
The gnoll hits you from afar with a +0 spear.
The gnoll hits you with a +0 whip! The gnoll hits you with a +0 club.
You struggle against the net.
The gnoll closely misses you. The gnoll barely misses you.
The gnoll sergeant hits you from afar with a +0 spear!
* * * LOW HITPOINT WARNING * * *
The gnoll hits you with a +0 club.
* * * LOW HITPOINT WARNING * * *
The gnoll shouts!
You feel much better.
You hear a shout!
The gnoll hits you from afar with a +0 spear!
The gnoll sergeant hits you from afar with a +0 spear.
* * * LOW HITPOINT WARNING * * *
The gnoll hits you with a +0 whip.
* * * LOW HITPOINT WARNING * * *
The gnoll hits you with a +0 club.
You die...

#...####..≈≈≈≈.._.
#.................
#.###########.#.#. #.# #.#.#.
#.# #..... #.# ###.## #.# #.##
#####.# ###.##
#...g@###########.....
##.#.#.g....)......#.#.
#.....gg###.#####..#.#.
********#..#.##g###g#####..#...
*,,,,,,,#.....#........##..###.
*,*****,#........##.##.##..#*#.
*,* *,#.#......##g##.##...,..
*,* *....#.#............#####
*,* #.#.......!.#.##.,###


You could see a gnoll sergeant and 4 gnolls.

Vanquished Creatures
  An ice beast (D:5)
  2 centaur zombies (Ossuary)
  3 orc priests
  2 hounds (D:4)
  2 human zombies (Ossuary)
  An iguana (D:5)
  An orc wizard (D:3)
  3 mummies (Ossuary)
  5 gnolls
  7 adders
  A worm (D:3)
  4 dart slugs
  14 orcs
  5 bats
  6 endoplasms
  A giant cockroach (D:1)
  9 goblins
  3 hobgoblins
  6 jackals
  2 quokkas (D:1)
  5 ball pythons
  2 frilled lizards (D:3)
  2 gnoll zombies (Ossuary)
  2 hobgoblin zombies (Ossuary)
  8 kobolds
  6 rats
103 creatures vanquished.

Vanquished Creatures (others)
  A fungus (D:2)
  A plant (D:2)
2 creatures vanquished.

Grand Total: 105 creatures vanquished

Notes
Turn   | Place    | Note
-------+----------+-------------------------------------------
     0 | D:1      | om the Vampire Enchanter began the quest for the Orb.
     0 | D:1      | Reached XP level 1. HP: 13/13 MP: 3/3
    13 | D:1      | You fall into a shaft and drop 1 floor!
   155 | D:1      | Reached XP level 2. HP: 19/19 MP: 5/5
   158 | D:1      | Learned a level 2 spell: Ensorcelled Hibernation
   577 | D:1      | Reached skill level 2 in Short Blades
   901 | D:1      | Gained mutation: You are afflicted with vampirism and can
                  | become a bat while bloodless. [Vampire growth]
   901 | D:1      | Reached XP level 3. HP: 17/24 MP: 1/6
  1139 | D:2      | Reached skill level 5 in Stealth
  1338 | D:2      | Reached skill level 5 in Hexes
  1402 | D:2      | Found a faded altar of an unknown god.
  1501 | D:3      | Reached XP level 4. HP: 24/24 MP: 7/7
  1805 | D:3      | Reached skill level 3 in Short Blades
  2186 | D:2      | Reached XP level 5. HP: 28/28 MP: 9/9
  2682 | D:4      | Reached skill level 4 in Short Blades
  2770 | D:4      | Found a sparkling altar of Nemelex Xobeh.
  2771 | D:4      | Found an opulent altar of Gozag.
  2818 | D:4      | Reached XP level 6. HP: 29/32 MP: 5/10
  2830 | D:4      | Learned a level 3 spell: Confusing Touch
  3174 | D:4      | Reached skill level 5 in Short Blades
  3223 | D:4      | Found a staircase to the Ecumenical Temple.
  3238 | Temple   | Entered the Ecumenical Temple
  3484 | D:5      | Entered Level 5 of the Dungeon
  3515 | D:5      | Noticed an ice beast
  3522 | D:5      | Killed an ice beast
  3523 | D:5      | Reached skill level 6 in Short Blades
  3544 | D:5      | Found a sand-covered staircase.
  3549 | Ossuary  | Entered an ossuary
  3595 | Ossuary  | Reached XP level 7. HP: 36/36 MP: 11/11
  4004 | Ossuary  | Reached skill level 7 in Short Blades
  4345 | D:5      | Found a hazy altar of Hepliaklqana.
  4393 | D:5      | HP: 1/36 [gnoll/+0 club[a gnoll sergeant] (4)]
  4394 | D:5      | Slain by a gnoll

Illustrated notes

Levels and vault maps discovered:
D:1:      amcnicky_arrival_feature_with_door, layout_basic
D:2:      layout_rooms, shapermc_ecumenical_altar_acropolis,
          minmay_misc_feat_more_columns
D:3:      layout_rooms, chequers_avenue
D:4:      layout_basic, grunt_temple_overflow_opulence,
          minmay_temple_entry_antechambers
D:5:      layout_loops_cross, mainiacjoe_overflow_boulevard, minitemple,
          nicolae_ossuary_entry_ruins
Temple:   corrupted_temple

Skill      XL: |  1  2  3  4  5  6  7 |
---------------+----------------------+-----
Short Blades   | 2 3 4 6 7 |  7.3
Stealth        | 5 6 |  6.0
Hexes          | 5 |  5.0
Dodging        | 3 |  3.0
Spellcasting   | 3 |  3.0

Action                   |  1- 3 |  4- 6 |  7- 9 || total
-------------------------+-------+-------+-------++-------
Melee: Dagger            |    64 |       |       ||    64
       Bite              |     6 |     8 |     4 ||    18
       Short sword       |    30 |    91 |    43 ||   164
       Punch             |       |     2 |       ||     2
 Cast: Ensorcelled Hiber |     8 |    23 |     1 ||    32
       Confusing Touch   |       |     1 |     2 ||     3
 Abil: Exsanguinate      |     1 |       |       ||     1
  Use: Scroll            |     4 |     6 |       ||    10
       Potion            |     1 |     3 |     2 ||     6
 Stab: Sleeping          |    13 |    21 |     3 ||    37
       Distracted        |     2 |     1 |     1 ||     4
       Invisible         |       |     3 |       ||     3
       Confused          |       |     1 |     1 ||     2
Armor: Robe              |    14 |    25 |     6 ||    45
Dodge: Dodged            |    40 |    70 |    14 ||   124

Table legend: (Time is in decaauts)
 A = Elapsed time spent in this place.
 B = Non-inter-level travel time spent in this place.
 C = Inter-level travel time spent in this place.
 D = Time resting spent in this place.
 E = Time spent auto-exploring this place.
 F = Levels seen in this place.
 G = Mean time per level.
                   A        B        C        D        E       F      G
               +--------+--------+--------+--------+--------+-----+--------+
         Total |   4372 |   4211 |    161 |    912 |   2336 |   7 |  624.6 |
       Dungeon |   3639 |   3490 |    149 |    694 |   1952 |   5 |  727.8 |
        Temple |    101 |     89 |     12 |      0 |     85 |   1 |  101.0 |
       Ossuary |    631 |    631 |      0 |    218 |    299 |   1 |  631.0 |
               +--------+--------+--------+--------+--------+-----+--------+

Top non-repeatable levels by time:
     D:2: 992 daAuts
     D:1: 924 daAuts
     D:4: 776 daAuts
     D:3: 719 daAuts
 Ossuary: 631 daAuts
     D:5: 226 daAuts
  Temple: 101 daAuts
